 Dungeon Sprint DCSS version 0.31-a0-1074-g0b22e4e0f1 (webtiles) character file.

Game seed: 8359401920200392784

11338 tbh1313 the Shatterer (level 11, -4/99 HPs)
             Began as a Minotaur Berserker on Dec 1, 2023.
             Was the Champion of Trog.
             Slain by a deep elf annihilator
             ... wielding a +0 short sword
              (10 damage)
             ... in the Dungeon (Sprint I: "Red Sonja").
             The game lasted 00:10:51 (2564 turns).

tbh1313 the Shatterer (Minotaur Berserker)          Turns: 2564, Time: 00:10:51

Health: -4/99      AC: 16    Str: 27    XL:     11   Next: 48%
Magic:  10/10      EV: 12    Int:  4    God:    Trog [******]
Gold:   608        SH:  0    Dex:  9    Spells: 10/10 levels left

rFire   + . .        A - +0 dire flail
rCold   . . .        (shield currently unavailable)
rNeg    . . .        l - +2 chain mail {rF+}
rPois   .            (helmet restricted)
rElec   .            (no cloak)
rCorr   +            e - +0 pair of gloves
SInv    .            u - +0 pair of boots {Stlth+}
Will    .....        t - amulet of regeneration Stlth
                     d - ring of resist corrosion
HPRegen 1.16/turn    (no ring)
MPRegen 0.12/turn

%: no teleportation
@: lethally poisoned (-4 -> -4), mesmerised, slowed, invisible, very slow
A: horns 2, retaliatory headbutt
a: Renounce Religion, Berserk, Trog's Hand, Brothers in Arms


You were in the Dungeon.
You worshipped Trog.
Trog was exalted by your worship.
You visited 1 branch You collected 2411 gold pieces.
You spent 1803 gold pieces at shops.

Inventory:

Hand Weapons
 q - the +9 dire flail of Nudghakit {heavy, rC+++ Int-4}
   (Trog gifted it to you in the Dungeon)

   Int-4:     It affects your intelligence (-4).
   rC+++:     It renders you almost immune to cold.
 A - a +0 dire flail (weapon)
Missiles
 k - 2 curare-tipped darts
Armour
 e - a +0 pair of gloves (worn)
 l - a +2 chain mail of fire resistance (worn)
 u - a +0 pair of boots of stealth (worn)
Jewellery
 d - a ring of resist corrosion (left hand)
 t - an amulet of regeneration (around neck)
Wands
 i - a wand of light (12)
Scrolls
 b - 2 scrolls of identify
 h - a scroll of blinking
 n - a scroll of amnesia
 o - a scroll of brand weapon
Potions
 f - 2 potions of magic
 g - a potion of berserk rage
 m - 2 potions of might
 r - 2 potions of lignification {unknown}
 s - 2 potions of ambrosia {unknown}
 v - a potion of enlightenment
 w - a potion of heal wounds
 x - 2 potions of degeneration {unknown}
 z - 2 potions of curing


   Skills:
 - Level 10.0 Fighting
 - Level 11.6(20.6) Axes
 + Level 26.5(27) Maces & Flails
 - Level 10.0 Armour
 - Level 10.0 Dodging


You had 10 spell levels left.
You didn't know any spells.
Your spell library contained the following spells:

 Spells                   Type           Power      Damage    Failure   Level
 Sting                    Tmut/Pois      0%         1d3       91%         1
 Poisonous Vapours        Pois/Air       0%         N/A       97%         2
 Olgreb's Toxic Radiance  Pois           0%         N/A       100%        4


Dungeon Overview and Level Annotations

Branches:
Dungeon (1/1)

Altars:
Cheibriados
Dithmenos
Elyvilon
Fedhas
Gozag
Hepliaklqana
Kikubaaqudgha
Makhleb
Nemelex Xobeh
Okawaru
Qazlal
Ru
Sif Muna
Trog
Uskayaw
Vehumet
Wu Jian
Xom
Yredelemnul
Zin
The Shining One
Jiyva
Lugonu

Shops:
D (?[[!?****=[([=[!


Innate Abilities, Weirdness & Mutations

You have a pair of horns on your head.
You reflexively headbutt those who attack you in melee.


Message History

Trog grants you a weapon! Something appears at your feet!
You see here the +3 great mace of Cabiyssor {heavy, rC++}.
You feel very sick.
The hornet stings you but does no damage.
The merfolk siren chants its luring song.
The deep elf annihilator hits you with a +0 short sword.
The hellwing completely misses you. The hellwing hits you.
As you read the scroll labelled IHETIR PONOTE, it crumbles to dust.
Your body is wracked with pain!
* * * LOW HITPOINT WARNING * * *
The hornet convulses! x2; The deep elf annihilator convulses!
The hornet convulses! x2; The merfolk siren convulses!
It was a scroll of torment.
You feel very sick. The hornet stings you.
* * * LOW HITPOINT WARNING * * *
You feel as though you will be slow longer.
The hornet closely misses you.
The merfolk siren chants its luring song.
The hornet stings you.
* * * LOW HITPOINT WARNING * * *
You feel as though you will be slow longer.
The hornet stings you but does no damage.
The hellwing hits you!
* * * LOW HITPOINT WARNING * * *
The hellwing hits you.
* * * LOW HITPOINT WARNING * * *
The deep elf annihilator barely misses you.
The hornet stings you but does no damage.
The hornet closely misses you. You furiously retaliate!
You headbutt the hornet.
You fade into invisibility!
You feel very sick. The hornet barely misses you. You furiously retaliate!
You headbutt the hornet! The hornet barely misses you. The hellwing hits you!
* * * LOW HITPOINT WARNING * * *
The hellwing barely misses you.
The deep elf annihilator hits you with a +0 short sword!
You die...

##################
..†)§...§..†..#..+
.####...§.##..'..#
§# ##..§#######'#
.# ###§# #..# ##
#.# #y@#
#..###$#ey4#
##.#A#$#yym.}
.###$#..≈.##
##..$#..≈##
+###..≈# ≈..##
≈..#


You could see a deep elf annihilator, a hellwing (unable to see you), a merfolk
siren (mesmerising, unable to see you) and 4 hornets.

Levels and vault maps discovered:
D:        dungeon_sprint_1 [red_sonja_temple_1, red_sonja_temple_small_1]

Notes
Turn   | Place    | Note
-------+----------+-------------------------------------------
     0 | D        | tbh1313 the Minotaur Berserker began the quest for the Orb.
     0 | D        | Reached XP level 1. HP: 19/19 MP: 0/0
     1 | D        | Noticed Ijyb
     7 | D        | Killed Ijyb
     8 | D        | Reached skill level 7 in Maces & Flails
     8 | D        | Reached XP level 2. HP: 26/26 MP: 1/1
    51 | D        | Noticed an ogre
    54 | D        | Killed an ogre
    55 | D        | Reached skill level 11 in Maces & Flails
    55 | D        | Reached XP level 3. HP: 31/31 MP: 2/2
    55 | D        | Reached XP level 4. HP: 39/39 MP: 3/3
   106 | D        | Noticed Sigmund
   110 | D        | Killed Sigmund
   110 | D        | Reached ** piety under Trog
   111 | D        | Reached skill level 14 in Maces & Flails
   111 | D        | Reached XP level 5. HP: 51/51 MP: 4/4
   111 | D        | Reached XP level 6. HP: 58/58 MP: 5/5
   146 | D        | Found an ornate altar of the Wu Jian Council.
   146 | D        | Found a shimmering blue altar of Sif Muna.
   148 | D        | Found a radiant altar of Vehumet.
   229 | D        | Found Eduobeu's Magic Scroll Emporium.
   229 | D        | Found an ancient bone altar of Kikubaaqudgha.
   229 | D        | Found a hazy altar of Hepliaklqana.
   229 | D        | Found a stormy altar of Qazlal.
   229 | D        | Found a hide-covered altar of Uskayaw.
   229 | D        | Found a blossoming altar of Fedhas.
   229 | D        | Found a bloodstained altar of Trog.
   229 | D        | Found an iron altar of Okawaru.
   229 | D        | Found a basalt altar of Yredelemnul.
   229 | D        | Found a glowing golden altar of the Shining One.
   229 | D        | Found a snail-covered altar of Cheibriados.
   229 | D        | Found a sacrificial altar of Ru.
   229 | D        | Found a glowing silver altar of Zin.
   229 | D        | Found a shadowy altar of Dithmenos.
   229 | D        | Found a white marble altar of Elyvilon.
   229 | D        | Noticed a yak
   241 | D        | Killed a yak
   242 | D        | Reached skill level 10 in Fighting
   242 | D        | Reached skill level 5 in Armour
   398 | D        | Found an opulent altar of Gozag.
   399 | D        | Found a sparkling altar of Nemelex Xobeh.
   403 | D        | Bought a scroll of identify for 20 gold pieces
   409 | D        | Noticed Sonja
   412 | D        | Killed Sonja
   412 | D        | Reached *** piety under Trog
   413 | D        | Reached skill level 10 in Armour
   413 | D        | Reached XP level 7. HP: 72/72 MP: 6/6
   451 | D        | Found a burning altar of Makhleb.
   451 | D        | Found a viscous altar of Jiyva.
   451 | D        | Found a shimmering altar of Xom.
   451 | D        | Found a corrupted altar of Lugonu.
   451 | D        | Noticed a slime creature
   460 | D        | Killed a slime creature
   461 | D        | Reached XP level 8. HP: 61/79 MP: 7/7
   626 | D        | Noticed a kobold demonologist
   626 | D        | Noticed a glass eye
   626 | D        | Noticed a kobold demonologist
   633 | D        | Noticed a sixfirhy
   634 | D        | Killed a glass eye
   635 | D        | Reached skill level 10 in Dodging
   640 | D        | Killed a kobold demonologist
   640 | D        | Reached **** piety under Trog
   641 | D        | Reached skill level 16 in Maces & Flails
   643 | D        | Noticed a rust devil
   644 | D        | Killed a kobold demonologist
   702 | D        | Noticed a centaur warrior
   702 | D        | Noticed a centaur warrior
   717 | D        | Killed a centaur warrior
   718 | D        | Reached skill level 18 in Maces & Flails
   718 | D        | Reached XP level 9. HP: 34/85 MP: 8/8
   724 | D        | Killed a centaur warrior
   725 | D        | Reached skill level 20 in Maces & Flails
   917 | D        | Paralysed by a hornet for 2 turns
   920 | D        | Reached ***** piety under Trog
  1176 | D        | Noticed an oklob plant
  1190 | D        | Killed an oklob plant
  1191 | D        | Reached skill level 21 in Maces & Flails
  1245 | D        | HP: 6/85 [redback (7)]
  1255 | D        | HP: 4/127 [redback (16)]
  1257 | D        | Reached XP level 10. HP: 5/93 MP: 9/9
  1461 | D        | HP: 7/93 [something (7)]
  1465 | D        | Reached skill level 22 in Maces & Flails
  1467 | D        | HP: 2/139 [something (5)]
  1660 | D        | Received a gift from Trog
  1672 | D        | Reached skill level 23 in Maces & Flails
  1695 | D        | Identified the +12 spear "Volefas" {flame, rN++} (Trog
                  | gifted it to you in the Dungeon)
  1695 | D        | Received a gift from Trog
  1882 | D        | Reached skill level 1 in Axes
  1942 | D        | Identified the +0 ring mail "Dawexed" {rPois}
  1948 | D        | Found Diukhlu's Antique Armour Shoppe.
  1948 | D        | Found Namelaw's Armour Shop.
  1948 | D        | Found Vuustel's Distillery.
  1950 | D        | Found Enaylech's Magic Scroll Emporium.
  1950 | D        | Found Pecsoel's General Store.
  1950 | D        | Found Deunelit's General Store.
  1950 | D        | Found Kuinun's Assorted Antiques.
  1950 | D        | Found Wiwum's Assorted Antiques.
  1950 | D        | Found Yxtuelec's Jewellery Shop.
  1950 | D        | Found Gybeit's Antique Armour Shoppe.
  1951 | D        | Bought a pair of gloves for 126 gold pieces
  1951 | D        | Bought a pair of boots for 126 gold pieces
  1962 | D        | Bought a potion of might for 48 gold pieces
  1962 | D        | Found Ampuliadd's Antique Weapon Boutique.
  1963 | D        | Bought a scroll of amnesia for 56 gold pieces
  1963 | D        | Found Pas Lewk's Jewellery Emporium.
  1963 | D        | Found Gyose's Armour Boutique.
  1964 | D        | Bought a scroll of brand weapon for 123 gold pieces
  1964 | D        | Found Ysmik's Distillery.
  1966 | D        | Bought a transparent war axe for 246 gold pieces
  1966 | D        | Identified the +5 war axe "Ropuunno" {holy, rN+ SInv} (You
                  | bought it in a shop in the Dungeon)
  1968 | D        | Bought a scroll labelled POES CIEDE for 27 gold pieces
  1968 | D        | Bought 2 sapphire potions for 48 gold pieces
  1968 | D        | Bought a metallic coppery potion for 24 gold pieces
  1969 | D        | Bought an amulet of regeneration for 330 gold pieces
  1976 | D        | Bought a pair of embroidered boots for 172 gold pieces
  1990 | D        | Bought a +2 chain mail of fire resistance for 215 gold
                  | pieces
  2002 | D        | Bought a potion of invisibility for 88 gold pieces
  2002 | D        | Bought a potion of enlightenment for 55 gold pieces
  2002 | D        | Bought a potion of might for 44 gold pieces
  2002 | D        | Bought a potion of heal wounds for 55 gold pieces
  2054 | D        | Noticed a deep troll
  2068 | D        | Killed a deep troll
  2201 | D        | Found Keomoz's Armour Emporium.
  2255 | D        | Found Vymet's Weapon Boutique.
  2293 | D        | Noticed a demonic crawler
  2293 | D        | Noticed a demonic crawler
  2293 | D        | Noticed a demonic crawler
  2293 | D        | Noticed a demonic crawler
  2296 | D        | Killed a demonic crawler
  2301 | D        | Killed a demonic crawler
  2302 | D        | Reached skill level 24 in Maces & Flails
  2309 | D        | Killed a demonic crawler
  2312 | D        | Killed a demonic crawler
  2312 | D        | Identified the +9 dire flail of Nudghakit {heavy, rC+++
                  | Int-4} (Trog gifted it to you in the Dungeon)
  2312 | D        | Received a gift from Trog
  2313 | D        | Reached XP level 11. HP: 82/99 MP: 10/10
  2363 | D        | Noticed a lindwurm
  2368 | D        | Killed a lindwurm
  2369 | D        | Reached skill level 10 in Axes
  2411 | D        | Reached skill level 25 in Maces & Flails
  2442 | D        | Received a gift from Trog
  2479 | D        | Noticed a daeva
  2486 | D        | Noticed a 12-headed hydra
  2490 | D        | Killed a 12-headed hydra
  2491 | D        | Reached skill level 26 in Maces & Flails
  2549 | D        | Noticed a deep elf annihilator
  2562 | D        | Reached ****** piety under Trog
  2562 | D        | Identified the +3 great mace of Cabiyssor {heavy, rC++}
                  | (Trog gifted it to you in the Dungeon)
  2562 | D        | Received a gift from Trog
  2564 | D        | HP: 6/99 [hellwing (8)]
  2564 | D        | Slain by a deep elf annihilator

Table legend: (Time is in decaauts)
 A = Elapsed time spent in this place.
 B = Non-inter-level travel time spent in this place.
 C = Inter-level travel time spent in this place.
 D = Time resting spent in this place.
 E = Time spent auto-exploring this place.
 F = Levels seen in this place.
 G = Mean time per level.
                   A        B        C        D        E       F      G
               +--------+--------+--------+--------+--------+-----+--------+
         Total |   2629 |   2567 |     62 |   1737 |    280 |   1 | 2629.0 |
       Dungeon |   2629 |   2567 |     62 |   1737 |    280 |   1 | 2629.0 |
               +--------+--------+--------+--------+--------+-----+--------+

Top non-repeatable levels by time:
       D: 2629 daAuts

Table legend:
 A = Kills in this place as a percentage of kills in the entire game.
 B = Kills by you in this place as a percentage of kills by you in the entire game.
 C = Kills by friends in this place as a percentage of kills by friends in the entire game.
 D = Other kills in this place as a percentage of other kills in the entire game.
 E = Experience gained in this place as a percentage of experience gained in the entire game.
 F = Experience gained in this place divided by the number of levels of this place that you have seen.
                   A       B       C       D       E      F
               +-------+-------+-------+-------+-------+----------------------
         Total | 100.0 | 100.0 | 100.0 |   N/A | 100.0 | 16198.0
       Dungeon | 100.0 | 100.0 | 100.0 |   N/A | 100.0 | 16198.0
               +-------+-------+-------+-------+-------+----------------------

Action                     |  1- 3 |  4- 6 |  7- 9 | 10-12 || total
---------------------------+-------+-------+-------+-------++-------
  Melee: Mace              |     6 |    18 |    63 |   144 ||   231
         Headbutt          |     1 |     7 |    15 |    42 ||    65
         Punch             |       |       |     2 |     3 ||     5
         Battleaxe         |       |       |       |    12 ||    12
         War axe           |       |       |       |     6 ||     6
         Dire flail        |       |       |       |    20 ||    20
 Invoke: Berserk           |     2 |     3 |     5 |     6 ||    16
         Trog's Hand       |       |       |     1 |     2 ||     3
         Brothers in Arms  |       |       |       |     2 ||     2
    Use: Scroll            |       |     1 |       |     3 ||     4
         Potion            |       |       |     2 |     2 ||     4
 Armour: Animal skin       |     2 |     1 |       |       ||     3
         Leather armour    |       |    13 |    44 |    47 ||   104
         Chain mail        |       |       |       |   102 ||   102
  Dodge: Dodged            |     1 |     6 |    17 |   109 ||   133

Vanquished Creatures
  A hydra (D)
  2 centaur warriors (D)
  2 demonic crawlers (D)
  Sonja (D)
  A deep troll (D)
  A lindwurm (D)
  An oklob plant (D)
  A merfolk siren (D)
  2 kobold demonologists (D)
  2 unseen horrors (D)
  A hornet (D)
  3 glass eyes (D)
  A slime creature (D)
  Sigmund (D)
  A yak (D)
  13 hogs (D)
  2 redbacks (D)
  An ogre (D)
  7 necrophages (D)
  8 jellies (D)
  Ijyb (D)
53 creatures vanquished.

Vanquished Creatures (collateral kills)
  2 demonic crawlers (D)
2 creatures vanquished.

Vanquished Creatures (others)
  2 ballistomycete spores (D)
2 creatures vanquished.

Grand Total: 57 creatures vanquished
